AoeStats
← JJY

Hideout

507085593Analyzed
1v1 RM · 15d ago on Sep 16, 2026· 59m 56s· 2 players
Game mode
Random Map
Map size
Tiny (2 player)
Population
200
Speed
Normal
Resources
Standard
Victory
Conquest
Starting age
Dark Age
Ending age
Imperial Age
RankedLock teamsTeams togetherTeam positionsShared explorationLock speedFull tech treeHidden civsTurbo modeCheats
Victory
Defeat
🇨🇳 Vikings · China
449
+16
🇲🇽 Persians · Mexico
449
-16
JJY
3:17 Loom
11:18 Feudal Age
12:21 Double-Bit Axe
21:08 Castle Age
19:09 Horse Collar
20:33 Man-at-Arms
21:21 Scale Mail Armor
21:29 Long Swordsman
22:21 Squires
22:07 Gambesons
26:12 Town Watch
27:24 Gold Mining
27:51 Heavy Plow
31:13 Imperial Age
29:59 Bow Saw
30:18 Pikeman
31:33 Chieftains
32:20 Gold Shaft Mining
33:43 Chain Mail Armor
33:38 Forging
35:26 Crop Rotation
36:00 Two-Man Saw
36:20 Iron Casting
36:26 Elite Skirmisher
37:09 Fletching
39:12 Bodkin Arrow
39:17 Padded Archer Armor
42:03 Elite Berserk
43:04 Conscription
45:25 Plate Mail Armor
47:21 Bracer
48:21 Blast Furnace
51:33 Leather Archer Armor
52:43 Hoardings
55:48 Ring Archer Armor
56:49 Hoardings
55:39 Two-Handed Swordsman
56:47 Champion
Sir_Porromostro
0:34 Loom
11:38 Feudal Age
11:58 Double-Bit Axe
12:51 Wheelbarrow
12:32 Horse Collar
17:58 Bloodlines
18:57 Gold Mining
18:59 Stone Mining
22:44 Castle Age
24:55 Heavy Plow
25:08 Bow Saw
24:51 Fletching
25:01 Padded Archer Armor
27:14 Kamandaran
28:03 Crossbowman
28:55 Bodkin Arrow
29:47 Leather Archer Armor
30:13 Thumb Ring
31:33 Scale Barding Armor
32:33 Gold Shaft Mining
33:24 Town Watch
38:07 Imperial Age
35:56 Hand Cart
41:27 Husbandry
40:47 Cavalier
43:28 Chain Barding Armor
43:18 Forging
46:41 Iron Casting
47:41 Two-Man Saw
50:11 Plate Barding Armor
50:37 Blast Furnace
50:08 Ring Archer Armor
51:21 Chemistry
50:19 Savar
52:45 Theocracy
Connection lost

Rejoining the realm…

Still unreachable

The connection could not be restored.

Session expired

The server has moved on; the page needs a fresh start.